 Dungeon Crawl Stone Soup version 0.29.0-13-gc9e81de378 (webtiles) character file.

Game seed: 7126257235091847615

17 DKP the Shooter (level 2, -3/22 HPs)
             Began as a Formicid Hunter on Sept 9, 2022.
             Was a Follower of Sif Muna.
             Killed by an exploding Terence (25 damage)
             ... ignited by their inner flame
             ... on level 2 of the Dungeon.
             The game lasted 00:03:16 (1123 turns).

DKP the Shooter (Formicid Hunter)                   Turns: 1123, Time: 00:03:16

Health: -3/22      AC:  3    Str: 15    XL:     2   Next: 80%
Magic:  2/2        EV: 12    Int:  8    God:    Sif Muna [*.....]
Gold:   49         SH:  0    Dex: 17    Spells: 1/1 levels left

rFire   . . .      SeeInvis +   a - +0 shortbow
rCold   . . .      Faith    .   (no shield)
rNeg    . . .      Spirit   .   c - +0 leather armour
rPois   .          Reflect  .   (helmet unavailable)
rElec   .          Harm     .   (no cloak)
rCorr   .          Rampage  .   (no gloves)
Will    .....                   (no boots)
Stlth   ++........              (no amulet)
HPRegen 0.07/turn               (no ring)
MPRegen 0.08/turn               (no ring)

@: no status effects
A: permanent stasis, dig shafts and tunnels, antennae 3, four strong arms
a: Dig, Shaft Self, Renounce Religion, Channel Magic


You were on level 2 of the Dungeon.
You worshipped Sif Muna.
Sif Muna was aware of your devotion.
You visited 1 branch of the dungeon, and saw 2 of its levels.

You collected 49 gold pieces.

Inventory:

Hand Weapons
 a - a +0 shortbow (weapon)
Armour
 c - a +0 leather armour (worn)
Scrolls
 e - a scroll of teleportation
 f - a scroll of poison {unknown}
 g - a scroll of torment {unknown}
 i - a scroll of identify {unknown}
Potions
 d - a potion of degeneration {unknown}
 h - a potion of might {unknown}
 j - a potion of curing {unknown}
 k - a potion of brilliance {unknown}


   Skills:
 - Level 2.1 Fighting
 * Level 4.5 Ranged Weapons
 - Level 1.7 Dodging
 + Level 2.1 Stealth


You had one spell level left.
You didn't know any spells.
Your spell library was empty.

Dungeon Overview and Level Annotations

Branches:
Dungeon (2/15)

Altars:
Sif Muna


Innate Abilities, Weirdness & Mutations

You cannot be hasted, slowed, berserked, paralysed or teleported.
You can dig through walls and to a lower floor.
You have a pair of large antennae on your head. (SInv)
Your four strong arms can wield two-handed weapons with a shield.


Message History

k - a murky green potion
Found a granite ring.
A kobold comes into view. It is wielding a +0 short sword.
You shoot an arrow. The arrow completely misses the kobold.
The kobold shouts!
You hear a shout!
The kobold throws a stone.
The stone barely misses you.
Terence the Incautious comes into view.
He is wielding a +0 flail.
You shoot an arrow. The arrow barely misses the kobold.
Really read the scroll of immolation?
As you read the scroll of immolation, it crumbles to dust.
The creatures around you are filled with an inner flame!
Fire: a) +0 shortbow
Press: ? - help, Shift-Dir - straight line, f/p - kobold
Aim: a kobold, wielding a +0 short sword and quivering stones (inner flame, 56% to hit)
You shoot an arrow. The arrow hits the kobold.
Flame seeps out of the kobold.
The kobold is moderately wounded.
The kobold is engulfed in blazing flames.
Sif Muna accepts your kill.
The kobold explodes!
Okay, then.
Okay, then.
Fire: a) +0 shortbow
Press: ? - help, Shift-Dir - straight line, f - Terence
Aim: Terence, wielding a +0 flail and wearing a +0 ring mail (inner flame, 66% to hit)
You shoot an arrow. The arrow hits Terence!
Flame seeps out of Terence.
Terence is moderately wounded.
Terence is engulfed in blazing flames.
Flame seeps out of Terence.
Terence barely misses you.
Fire: a) +0 shortbow
Press: ? - help, Shift-Dir - straight line, f/p - Terence
Aim: Terence, wielding a +0 flail and wearing a +0 ring mail (flame, severely wounded, inner flame, 66% to hit)
You shoot an arrow.
The arrow hits Terence but does no damage.
Terence is severely wounded.
Terence is engulfed in blazing flames.
Sif Muna accepts your kill.
Terence explodes!
The fiery explosion engulfs you!!
Ouch! That really hurt!
You die...

# .# ###########
.#
######.........#.#
#......###.###..##
#.####.# #..@°=..#
#.# #.# #.###§§#.#
#.# #.....# .)#
#.# ###.... ..§.
#.# #...# .....
#.######..##
####.# #..........
.# #.######.. #
#.#


There were no monsters in sight!

Vanquished Creatures
  Terence (D:2)
  3 bats (D:1)
  3 endoplasms (D:1)
  A goblin (D:1)
  2 hobgoblins (D:1)
  2 ball pythons (D:1)
  3 kobolds
15 creatures vanquished.

Notes
Turn   | Place    | Note
-------+----------+-------------------------------------------
     0 | D:1      | DKP the Formicid Hunter began the quest for the Orb.
     0 | D:1      | Reached XP level 1. HP: 16/16 MP: 1/1
   119 | D:1      | Reached XP level 2. HP: 18/22 MP: 2/2
   574 | D:1      | Found a faded altar of an unknown god.
   574 | D:1      | Noticed a hell beast
   583 | D:1      | Prayed at the altar of an unknown god.
   583 | D:1      | Became a worshipper of Sif Muna the Loreminder
   583 | D:1      | Reached * piety under Sif Muna
  1117 | D:2      | Noticed Terence
  1123 | D:2      | Killed Terence
  1123 | D:2      | Killed by an exploding Terence... ignited by their inner
                  | flame

Illustrated notes

Levels and vault maps discovered:
D:1:      lemuel_arrival_broad_hall, layout_basic,
          dreamdust_ecumenical_altar_sealed_demon, minivault_14,
          minmay_tetromino_s2
D:2:      layout_loops_ring, minivault_11, ebering_dispersal_statue_hall,
          uniq_jessica, uniq_terence

Skill      XL: |  1  2 |
---------------+-------+-----
Stealth        | 2 |  2.1
Fighting       | |  2.1
Ranged Weapons | |  4.5
Dodging        | |  1.7

Action                   || total
-------------------------++-------
 Fire: Shortbow          ||    41
  Use: Scroll            ||     2
Armor: Leather armour    ||     4
Dodge: Dodged            ||    10
